 Dungeon Crawl Stone Soup version 0.19-a0-376-gf780d9b (webtiles) character file.

1608 George the Cleaver (level 8, -1/73 HPs)
             Began as a Hill Orc Chaos Knight on May 30, 2016.
             Slain by a steam dragon (9 damage)
             ... on level 5 of the Dungeon.
             The game lasted 00:13:05 (4466 turns).

George the Cleaver (Hill Orc Chaos Knight)          Turns: 4466, Time: 00:13:06

Health: -1/73      AC:  4    Str: 17    XL:     8   Next: 95%
Magic:  8/8        EV: 11    Int: 12    God:    Xom [..*...]
Gold:   219        SH:  0    Dex: 10    Spells: 0 memorised, 7 levels left

rFire  + . .     SeeInvis .     a - +1 hand axe (chaos)
rCold  + . .     Gourm    .     B - +0 leather armour of Levity {rF+} (curse)
rNeg   . . .     Faith    .     (no shield)
rPois  +         Spirit   .     (helmet restricted)
rElec  +         Dismiss  .     (no cloak)
rCorr  .         Reflect  .     (no gloves)
SustAt .         Harm     .     (no boots)
MR     +....     Clarity  +     (no amulet)
Stlth  +.........               (no ring)
                                x - ring of protection from cold

@: somewhat resistant to hostile enchantments, very unstealthy
A: antennae 1, icy blue scales 1, blink, blurry vision 1, clarity, magic
resistance 1, sense surroundings 1, poison resistance, electricity resistance
a: Blink, Renounce Religion


You were on level 5 of the Dungeon.
You worshipped Xom.
You were a toy of Xom.
You were not hungry.

You visited 2 branches of the dungeon, and saw 6 of its levels.

You collected 219 gold pieces.

Inventory:

Hand Weapons
 a - a +1 hand axe of chaos (weapon)
 A - a +3 hand axe of chopping
Armour
 b - a +3 leather armour
 y - a +0 helmet
 B - the cursed +0 leather armour of Levity (worn) {rF+}
   (You found it on level 5 of the Dungeon)

   It protects you from fire.
   It has a curse placed upon it.
Jewellery
 x - a ring of protection from cold (left hand)
Wands
 p - a wand of teleportation (2/9)
 F - a wand of disintegration (13/24)
Scrolls
 j - 2 scrolls of enchant weapon
 l - 3 scrolls of remove curse
 E - a scroll of fear
 I - a scroll of blinking
Potions
 d - 4 potions of heal wounds
 e - 2 potions of magic
 k - a potion of brilliance
 r - a potion of haste
 s - a potion of lignification
 w - a potion of berserk rage {unknown}
 C - a potion of invisibility {unknown}
 D - a potion of curing {unknown}
 H - a potion of mutation {unknown}
Comestibles
 c - 6 bread rations
 g - 9 fruits
 n - 2 meat rations
 J - 4 chunks of flesh


   Skills:
 + Level 7.2 Fighting
 + Level 11.4 Axes
 + Level 5.6 Armour
 - Level 0.7 Dodging


You had 7 spell levels left.
You didn't know any spells.

Dungeon Overview and Level Annotations

Branches:
Dungeon (5/15)             Temple (1/1) D:5

Altars:
Ashenzari
Cheibriados
Dithmenos
Elyvilon
Fedhas
Gozag
Hepliaklqana
Kikubaaqudgha
Nemelex Xobeh
Okawaru
Ru
Sif Muna
Ukayaw
Xom
Yredelemnul
Zin
The Shining One

Shops:
D:5 [


Innate Abilities, Weirdness & Mutations

You have a pair of small antennae on your head.
You are partially covered in icy blue scales. (AC +1)
You can translocate small distances at will.
Scrolls take you a little longer to read.
You possess an exceptional clarity of mind.
You are resistant to hostile enchantments. (MR+)
You passively map a small area around you.
Your system is resistant to poisons. (rPois)
You are resistant to electric shocks. (rElec)


Message History

The steam dragon breathes steam at you. The ball of steam misses you.
The steam dragon closely misses you.
The steam dragon claws you but does no damage.
You closely miss the steam dragon.
The steam dragon is moderately wounded.
The steam dragon bites you!
* * * LOW HITPOINT WARNING * * *
The steam dragon claws you.
* * * LOW HITPOINT WARNING * * *
Okay, then.
Okay, then.
Evoke which item? (* to show all) (? for menu, Esc to quit)
Zapping:
F - a wand of disintegration (will waste charges)
Press: ? - help, Shift-Dir - straight line, f - steam dragon
Aim: a steam dragon (moderately wounded, fast, catching its breath, chance to defeat MR: 65%)
The steam dragon struggles to resist.
Evoking this partially-identified wand wasted a few charges.
The steam dragon bites you!
You die...
Xom laughs nastily!

#..#####..#####..#
#......#..#.....)#
#......#..#......#
#####..#..#..#####
#......#..#......#
#......#..#.....§#
#..#####..#####..#
#......#..#...§§.#
#......#.h#..@...#
#####..#..#.D#####
#......#..#...§..#
####......#..#..§§§§#
..##..#####..#####§.#
#.##...(..#..#..o...#
#.##......#..#.....D#
#.######..#..#..#####
#.##...#..#..#.(#,


You could see a steam dragon and a hound.

Vanquished Creatures
  The ghost of tstbtto the Chopper, an amateur MiCK of Xom (D:3)
  A wyvern (D:5)
  A water moccasin (D:5)
  A sky beast (D:3)
  A necrophage (D:5)
  2 ogres (D:5)
  Blork the orc (D:5)
  2 scorpions
  A howler monkey (D:5)
  4 crimson imps (D:5)
  A centaur zombie (D:5)
  2 hounds
  3 orc wizards
  An iguana (D:5)
  2 worker ants
  A hound skeleton (D:5)
  4 gnolls (D:2)
  2 adders
  A white imp (D:5)
  An adder skeleton (D:4)
  A worm (D:4)
  2 dart slugs
  2 giant geckos
  6 orcs
  5 bats
  A giant cockroach (D:3)
  10 goblins
  11 hobgoblins
  3 jackals (D:4)
  A ball python (D:2)
  A giant gecko skeleton (D:5)
  A giant gecko zombie (D:5)
  2 giant newts
  7 kobolds
  2 rats
88 creatures vanquished.

Vanquished Creatures (others)
  A soldier ant (D:5)
  A black bear (shapeshifter) (D:3)
  A giant frog skeleton (D:4)
3 creatures vanquished.

Grand Total: 91 creatures vanquished

Notes
Turn   | Place    | Note
--------------------------------------------------------------
     0 | D:1      | George the Hill Orc Chaos Knight began the quest for the Orb.
     0 | D:1      | Reached XP level 1. HP: 19/19 MP: 1/1
    98 | D:1      | Reached XP level 2. HP: 20/26 MP: 2/2
   176 | D:1      | XOM: silly message
   193 | D:1      | Reached skill level 5 in Axes
   445 | D:1      | XOM: give mutations
   445 | D:1      | Gained mutation: You evolve. [Xom's grace]
   445 | D:1      | Gained mutation: You are resistant to electric shocks. (rElec) [Xom's grace]
   445 | D:1      | Gained mutation: Your system is resistant to poisons. (rPois) [Xom's grace]
   509 | D:2      | Reached XP level 3. HP: 14/31 MP: 3/3
   629 | D:1      | XOM: cast spell 'Dragon Form'
   635 | D:2      | Reached skill level 6 in Axes
   639 | D:2      | Reached XP level 4. HP: 29/39 MP: 4/4
   691 | D:2      | XOM: give mutations
   691 | D:2      | Gained mutation: You possess an exceptional clarity of mind. [Xom's grace]
   691 | D:2      | Gained mutation: You are agile. (Dex +2) [Xom's grace]
   691 | D:2      | Gained mutation: You have supernaturally acute eyesight. (SInv) [Xom's grace]
   691 | D:2      | Gained mutation: You passively map a small area around you. [Xom's grace]
   794 | D:2      | XOM: scenery: create altars
   867 | D:2      | XOM: 2-stop teleportation journey
  1029 | D:2      | XOM: scenery: create altars
  1064 | D:2      | Found a white marble altar of Elyvilon.
  1070 | D:2      | Found a shattered altar of Ashenzari.
  1072 | D:2      | Found a hide-covered altar to Ukayaw.
  1138 | D:2      | XOM: give mutations
  1138 | D:2      | Gained mutation: You can translocate small distances at will. [Xom's grace]
  1138 | D:2      | Gained mutation: You are partially covered in icy blue scales. (AC +1) [Xom's grace]
  1138 | D:2      | Gained mutation: You are robust. (+10% HP) [Xom's grace]
  1151 | D:2      | Found a snail-covered altar of Cheibriados.
  1301 | D:3      | Noticed tstbtto's ghost (amateur MiCK)
  1303 | D:3      | XOM: fog
  1327 | D:3      | XOM: enchant monster (good)
  1357 | D:2      | Found a deep blue altar of Sif Muna.
  1389 | D:3      | XOM: enchant monster (good)
  1401 | D:3      | Noticed a boggart
  1401 | D:3      | a worm changed into a boggart
  1404 | D:3      | Noticed a water moccasin
  1404 | D:3      | a boggart changed into a water moccasin
  1405 | D:3      | XOM: noise
  1412 | D:3      | Noticed a fire bat
  1412 | D:3      | a water moccasin changed into a fire bat
  1413 | D:3      | a fire bat changed into a worm
  1414 | D:3      | Noticed a naga
  1414 | D:3      | a worm changed into a naga
  1417 | D:3      | Noticed a boggart
  1417 | D:3      | a naga changed into a boggart
  1421 | D:3      | Noticed a soldier ant
  1422 | D:3      | Noticed a crocodile
  1422 | D:3      | a soldier ant changed into a crocodile
  1423 | D:3      | Noticed a fire bat
  1423 | D:3      | a crocodile changed into a fire bat
  1426 | D:3      | Noticed a black bear
  1426 | D:3      | a fire bat changed into a black bear
  1427 | D:3      | Killed a black bear
  1427 | D:3      | Reached skill level 7 in Axes
  1427 | D:3      | Reached XP level 5. HP: 24/49 MP: 5/5
  1427 | D:3      | XOM: divine lightning (protected)
  1455 | D:3      | Noticed a sky beast
  1463 | D:3      | XOM: swap monsters
  1468 | D:3      | XOM: enchant monster (bad)
  1475 | D:3      | XOM: enchant monster (bad)
  1483 | D:3      | Killed a sky beast
  1483 | D:3      | Reached skill level 8 in Axes
  1483 | D:3      | Reached XP level 6. HP: 33/56 MP: 6/6
  1633 | D:3      | XOM: harmless Tloc miscast
  1640 | D:3      | XOM: blink monster(s)
  1847 | D:3      | Killed tstbtto's ghost
  1847 | D:3      | Reached skill level 9 in Axes
  1959 | D:3      | Gained mutation: You are resistant to hostile enchantments. (MR+) [evolution]
  1959 | D:3      | Lost mutation: You evolve. [end of evolution]
  2381 | D:3      | Found an iron altar of Okawaru.
  2382 | D:3      | Found a blossoming altar of Fedhas.
  2464 | D:4      | Found a shimmering altar of Xom.
  2478 | D:4      | Reached XP level 7. HP: 60/63 MP: 7/7
  2832 | D:4      | Reached skill level 10 in Axes
  2842 | D:4      | XOM: harmless Hex miscast
  2849 | D:4      | XOM: confuse monster(s)
  3181 | D:4      | XOM: divine lightning (protected)
  3302 | D:5      | Entered Level 5 of the Dungeon
  3331 | D:5      | Reached skill level 5 in Fighting
  3352 | D:5      | Got a distressingly furry leather armour
  3363 | D:5      | Identified the cursed +0 leather armour of Levity {rF+} (You found it on level 5 of the Dungeon)
  3388 | D:5      | XOM: give mutations
  3388 | D:5      | Lost mutation: You are agile. (Dex +2) [Xom's mischief]
  3388 | D:5      | Lost mutation: You are robust. (+10% HP) [Xom's mischief]
  3403 | D:5      | Noticed Blork the orc
  3413 | D:5      | Killed Blork the orc
  3433 | D:5      | Found a glowing golden altar of the Shining One.
  3447 | D:5      | Reached XP level 8. HP: 55/68 MP: 8/8
  3502 | D:5      | XOM: cast spell 'Leda's Liquefaction'
  3505 | D:5      | XOM: enchant monster (good)
  3625 | D:5      | Found a staircase to the Ecumenical Temple.
  3632 | D:5      | XOM: mild Necr miscast
  3637 | D:5      | XOM: give mutations
  3637 | D:5      | Lost mutation: You have supernaturally acute eyesight. (SInv) [Xom's mischief]
  3637 | D:5      | Gained mutation: Scrolls take you a little longer to read. [Xom's mischief]
  3637 | D:5      | Gained mutation: You have a pair of small antennae on your head. [Xom's mischief]
  3638 | Temple   | Entered the Ecumenical Temple
  3958 | D:5      | XOM: silly message
  3993 | D:5      | Found Ciefyar's Armour Emporium.
  4199 | D:5      | Reached skill level 11 in Axes
  4199 | D:5      | Reached skill level 5 in Armour
  4427 | D:5      | Noticed a wyvern
  4432 | D:5      | Killed a wyvern
  4466 | D:5      | Slain by a steam dragon

Vault maps used:
D:1:      dpeg_arrival_simpleton_b
D:2:      marbit_many_paths, minitemple, nicolae_overflow_hidden_temple,
          grunt_ministairs_9, minmay_unequal
D:3:      gammafunk_temple_overflow_statue, first_bread
D:4:      xom_teletrap_fun
D:5:      kennysheep_windowed_halls, lightli_temple_of_fire,
          overflow_temple_1_default, temple_statues, serial_shops,
          kennysheep_little_box, minmay_fire_ice_demons, uniq_blork_the_orc
Temple:   zaba_magenta_temple_8

Skill      XL: |  1  2  3  4  5  6  7  8 |
---------------+-------------------------+-----
Axes           | 5 6 7 8 9 10 11 | 11.4
Fighting       | 5 7 |  7.2
Armour         | 3 5 |  5.6
Dodging        | |  0.7

Action                   |  1- 3 |  4- 6 |  7- 9 || total
-------------------------+-------+-------+-------++-------
Melee: Hand axe          |    58 |   133 |   179 ||   370
       Unarmed           |     3 |     2 |       ||     5
 Abil: Breathe Fire      |     1 |       |       ||     1
Evoke: Wand              |       |       |     1 ||     1
  Use: Scroll            |       |     5 |     9 ||    14
       Potion            |       |     1 |       ||     1
 Stab: Petrified         |       |     1 |     1 ||     2
       Petrifying        |       |     1 |       ||     1
       Confused          |       |     1 |       ||     1
       Paralysed         |       |     1 |     2 ||     3
  Eat: Chunk             |       |     4 |     7 ||    11
       Fruit             |       |       |     1 ||     1
Armor: Leather armour    |    28 |    25 |    30 ||    83
       Skin              |     3 |    19 |       ||    22
Dodge: Dodged            |    41 |    61 |    75 ||   177
